Unix NetHack Version 3.7.0-80 Work-in-progress - last build Apr 4 2023 12:38:21 (790859391a0ee7bd3181b412646ad1b7e633ff00,branch:master). Game began 2023-04-11 11:36:51, ended 2023-10-14 16:27:44. y4k4r1, neutral female human Valkyrie --- ---- ---- |.. ---------- --..---- |..| ..-- ----.--.....--|....|.-- |..-- -.---............-|.......| --.(.-- |.................|.|....-| --.....-- -.- --...................|-....-- -.......---..| |...................--..-...| -.........- |.a......*.................-- |-...)..--| -----.|....--.............-- |.........--- ----------......%|.........--- --- ----- |...........----............-...|-...--.--- .......#---###- --.......)...|....--.--......--=--...|--- Q T . ----........####-- |....|.[.[....---|..........||......-- -- L .--|.....-----......---...---..------ |-...<.....|--.0....---.--- ----.--.....D| ----.............?| |..-.......| |..---.......-- -------.|..........-- |.....).-------- --..........| --..|--.......| |@@--.........^.....| ---.----- |..........-- ---.--|.)....-- |.r.@i@.......--....| --- |..........| |....|----.--- --...|.......-----.-- |........--- |....| -- --.---..|.--- --- ---..|..-- --..-- --- ------ ------- ---- Y4k4r1 the Fighter St:18/01 Dx:10 Co:18 In:7 Wi:6 Ch:8 Neutral S:3252 Dlvl:7 $:0 HP:0(70) Pw:24(24) AC:-1 Xp:7/708 T:4552 Burdened Blind Hallu Latest messages: What do you want to read? [ghpIO or ?*] You read the scroll. You feel like someone is helping you. The scroll disintegrates. What do you want to read? [ghIO or ?*] As you read the scroll, it disappears. An ogre suddenly appears next to you! Pick an object. You hit the ogre! The ogre wields a battle-axe! You hit the ogre! The ogre drinks a cyan potion! The ogre looks completely healed. You hit the ogre! You hit the ogre! The ogre swings his battle-axe. The ogre hits! What do you want to read? [gIO or ?*] A cloud of darkness falls upon you. The giant ant bites! You can move again. What do you want to read? [gIO or ?*] As you pronounce the formula on it, the scroll disappears. Your dwarvish cloak vibrates for a moment. The giant ant bites! What do you want to read? [IO or ?*] As you pronounce the formula on it, the scroll disappears. You identify this as an identify scroll. The giant ant bites! The giant ant misses! The giant ant bites! What do you want to zap? [ox or ?*] In what direction? Status of the giant ant (neutral): Level 3 HP 22(22) AC 3. The giant ant is not carrying anything. The giant ant just misses! What do you want to drink? [sBFNQ or ?*] Oh wow! Everything feels so cosmic! The balrog misses! What do you want to drink? [sFNQ or ?*] Your feet are frozen to the floor! The master mind flayer bites! The large cat bites! The soldier ant bites! You die... Do you want your possessions identified? [ynq] (y) Do you want to see your attributes? [ynq] (y) Do you want an account of creatures vanquished? [ynaq] (y) Do you want to see your conduct and achievements? [ynq] (y) Do you want to see the dungeon overview? [ynq] (y) Inventory: Weapons z - 8 +0 crossbow bolts b - a +0 dagger (alternate weapon; not wielded) y - a +0 dagger a - a +1 spear r - a +2 elven broadsword (weapon in hand) Armor f - a cursed -2 helm of brilliance (being worn) C - an uncursed +0 pair of gauntlets of dexterity (being worn) K - an uncursed +0 pair of iron shoes (being worn) c - an uncursed +3 small shield (being worn) H - an uncursed +1 dwarvish cloak (being worn) q - an uncursed +0 scale mail (being worn) Comestibles G - an uncursed banana j - an uncursed partly eaten food ration t - an uncursed fortune cookie E - 2 uncursed pears u - an uncursed tin of soup made from sewer rat meat l - an uncursed lichen corpse Spellbooks O - an uncursed spellbook of fireball Potions s - an uncursed potion of gain ability N - an uncursed potion of gain energy F - an uncursed potion of water Wands o - a wand of create monster (0:10) x - a wand of probing (0:5) Tools k - an uncursed leash e - an uncursed oil lamp J - a +0 pick-axe v - an uncursed tin opener Gems/Stones L - an uncursed worthless piece of red glass Y4k4r1 the Valkyrie's attributes: Background: You were a Fighter, a level 7 human Valkyrie. You were neutral, nominally on a mission for Odin who was opposed by Tyr (lawful) and Loki (chaotic). You were in the Gnomish Mines, on level 7. You entered the dungeon 4552 turns ago. There was a new moon in effect when your adventure ended. You had 708 experience points, 572 more were needed to attain level 8. Your score was 3252 before end-of-game adjustments. Basics: You had 0 out of 70 hit points. You had all 24 energy points (spell power). Your armor class was -1. Your wallet was empty. Autopickup was on for '$?!/="+' plus thrown, with exceptions. Final Characteristics: Your strength was 18/01 (peak:18/05, limit:18/100). Your dexterity was 10 (base:11, limit:18). Your constitution was 18 (limit:18). Your intelligence was 7 (base:9, limit:18). Your wisdom was 6 (base:8, limit:18). Your charisma was 8 (limit:18). Final Status: You were hallucinating. You were temporarily blind. You had wounded legs. You were not hungry. You were burdened; movement was slightly slowed. You were wielding a broadsword. You had basic skill with broadsword and could have enhanced that. Final Attributes: You were piously aligned. You were cold resistant. You were telepathic. You were invisible. You were stealthy. You were warded. You were fast. You are dead. Miscellaneous: You never encountered a bones level. Total elapsed playing time was 1 hour, 18 minutes and 43 seconds. Major events: Turn 1: y4k4r1 the neutral human Valkyrie entered the dungeon 1357: attained the rank of Skirmisher (level 3) 2749: entered the Gnomish Mines 3559: attained the rank of Fighter (level 6) 4552: killed by a hallucinogen-distorted giant ant, while frozen by a potion Vanquished creatures: a giant beetle a leprechaun a dwarf mummy a dingo a dust vortex a pony 4 gnome leaders a gray ooze a ghoul a floating eye 8 dwarves 6 hill orcs 2 giant bats an orc zombie an iguana 4 killer bees an acid blob 3 coyotes 3 hobbits a large kobold 3 giant rats 5 cave spiders 2 yellow molds a red mold 29 gnomes a garter snake 2 geckos 4 jackals 2 foxes 5 goblins 3 sewer rats 4 grid bugs 4 lichens a kobold zombie 6 newts 115 creatures vanquished. No species were genocided or became extinct. Voluntary challenges: You were an atheist. You read items or engraved 6 times. You never engraved Elbereth. You never genocided any monsters. You never polymorphed an object. You never changed form. You used no wishes. Achievements: You entered a shop. You attained the rank of Skirmisher. You entered the Gnomish Mines. You attained the rank of Fighter. The Dungeons of Doom: levels 1 to 4 Level 1: Level 2: Level 3: A general store. Level 4: Stairs down to The Gnomish Mines. The Gnomish Mines: levels 5 to 8 Level 5: Level 6: Level 7: <- You were here. Final resting place for you, killed by a hallucinogen-distorted giant ant, while frozen by a potion. Level 8: Game over: ---------- / \ / REST \ / IN \ / PEACE \ / \ | y4k4r1 | | 0 Au | | killed by a | | hallucinogen-dis | | torted giant ant | | | | 2023 | *| * * * | * _________)/\\_//(\/(/\)/\//\/|_)_______ Farvel y4k4r1 the Valkyrie... You died in The Gnomish Mines on dungeon level 7 with 3252 points, and 0 pieces of gold, after 4552 moves. You were level 7 with a maximum of 70 hit points when you died.